 Dungeon Crawl Stone Soup version 0.25-a0-992-gca090100c3 (webtiles) character file.

Game seed: 11917191199436248941, levelgen mode: deterministic

26 Flugslaktarn the Skirmisher (level 2, 0/27 HPs)
             Began as a Minotaur Fighter on May 10, 2020.
             Succumbed to an adder's poison
             ... on level 2 of the Dungeon.
             The game lasted 00:00:11 (205 turns).

Flugslaktarn the Skirmisher (Minotaur Fighter)       Turns: 205, Time: 00:00:11

Health: 0/27       AC:  7    Str: 20    XL:     2   Next: 89%
Magic:  1/1        EV:  7    Int:  5    God:
Gold:   16         SH:  9    Dex:  9    Spells: 1/1 levels left

rFire    . . .     SeeInvis .   a - +0 war axe
rCold    . . .     Gourm    .   c - +0 kite shield
rNeg     . . .     Faith    .   b - +0 scale mail
rPois    .         Spirit   .   (helmet restricted)
rElec    .         Reflect  .   (no cloak)
rCorr    .         Harm     .   (no gloves)
MR       .....                  (no boots)
Stlth    ..........             (no amulet)
HPRegen  0.09/turn              (no ring)
MPRegen  0.07/turn              (no ring)

@: mighty, lethally poisoned (0 -> -6)
A: retaliatory headbutt, horns 2
a: no special abilities


You were on level 2 of the Dungeon.
You were not hungry.

You visited 1 branch of the dungeon, and saw 2 of its levels.

You collected 16 gold pieces.

Inventory:

Hand Weapons
 a - a +0 war axe (weapon)
Armour
 b - a +0 scale mail (worn)
 c - a +0 kite shield (worn)
Scrolls
 g - a scroll of teleportation {unknown}
Potions
 d - a potion of might
Comestibles
 e - 2 rations
 f - 8 chunks of flesh


   Skills:
 + Level 3.9 Fighting
 * Level 3.2 Axes
 + Level 3.9 Armour
 + Level 3.9 Shields


You had one spell level left.
You didn't know any spells.
Your spell library was empty.

Dungeon Overview and Level Annotations

Branches:
Dungeon (2/15)

Altars:


Innate Abilities, Weirdness & Mutations

You reflexively headbutt those who attack you in melee.
You have a pair of horns on your head.


Message History

You are too injured to fight recklessly!
You are too injured to fight recklessly!
You are too injured to fight recklessly!
Unknown command.
The adder bites you but does no damage. The adder barely misses you.
The adder barely misses you. The adder bites you but does no damage.
You feel very mighty all of a sudden. The adder bites you.
* * * LOW HITPOINT WARNING * * *
You are lethally poisoned!
The adder poisons you!
Your shield and scale mail prevent you from hitting the adder.
* * * LOW HITPOINT WARNING * * *
You feel sick. The adder bites you but does no damage.
You block the adder's attack.
Your shield prevents you from hitting the adder.
Your headbutt misses the adder.
You die...

...... #.....#........[.#
...##.##.....#..........#
........................#
..>#........÷...........#
........((.÷............#
#......<######..........#
........## #..........#
...####..# #..........#
....# ##@# #..........#
..... #S## #..........#
.#.#.## #.g##
############ .......
##..## ....... ##l.#
.......## ##g##
....<...## #l.#
......l.l# ##.#
.......#.####.##


You could see 2 gnolls, an adder and 2 frilled lizards.

Vanquished Creatures
  A gnoll (D:2)
  2 leopard geckos
  3 goblins
  A hobgoblin (D:1)
  2 jackals (D:2)
  2 bats (D:2)
  A frilled lizard (D:1)
  A kobold (D:2)
  A rat (D:2)
14 creatures vanquished.

Notes
Turn   | Place    | Note
-------+----------+-------------------------------------------
     0 | D:1      | Flugslaktarn the Minotaur Fighter began the quest for the
                  | Orb.
     0 | D:1      | Reached XP level 1. HP: 19/19 MP: 0/0
   122 | D:2      | Reached XP level 2. HP: 25/27 MP: 1/1
   188 | D:2      | HP: 1/27 [gnoll/+0 halberd (14)]
   204 | D:2      | HP: 1/27 [poisoned by an adder]
   205 | D:2      | Succumbed to an adder's poison

Illustrated notes

Levels and vault maps discovered:
D:1:      minmay_arrival_three_doors, layout_basic
D:2:      layout_rooms, first_ration

Skill      XL: |  1  2 |
---------------+-------+-----
Axes           | 3 |  3.2
Fighting       | |  3.9
Armour         | |  3.9
Shields        | |  3.9

Action                   || total
-------------------------++-------
Melee: War axe           ||    27
       Headbutt          ||     3
  Use: Potion            ||     1
Armor: Scale mail        ||    22
Dodge: Dodged            ||    19
Block: Kite shield       ||    24

Table legend:
 A = Non-vault XP
 B = Vault XP
 C = Vault XP percentage of total XP
 D = Non-vault monster count
 E = Vault monster count
 F = Vault count percentage of total count
                 A         B        C        D         E       F
            +---------+---------+-------+---------+---------+-------
      Total |      38 |       0 |   0.0 |      14 |       0 |   0.0
            +---------+---------+-------+---------+---------+-------
        D:1 |      10 |       0 |   0.0 |       5 |       0 |   0.0
        D:2 |      28 |       0 |   0.0 |       9 |       0 |   0.0
            +---------+---------+-------+---------+---------+-------
